 Dungeon Crawl Stone Soup version 0.32-a0-913-g739538afd8 (webtiles) character file.

Game seed: 12168753383353436084

46 GokuderaElPsyCongroo the Firebug (level 3, 26/26 HPs)
             Began as a Draconian Fire Elementalist on Feb 5, 2024.
             Quit the game on level 2 of the Dungeon on Apr 8, 2024.
             The game lasted 00:20:50 (2225 turns).

GokuderaElPsyCongroo the Firebug (DrFE)             Turns: 2225, Time: 00:20:50

Health: 26/26      AC:  5    Str: 10    XL:     3   Next: 46%
Magic:  6/7        EV: 11    Int: 17    God:
Gold:   85         SH:  0    Dex: 11    Spells: 4/7 levels left

rFire   . . .        b - +0 dagger
rCold   . . .        (no shield)
rNeg    . . .        (body armour unavailable)
rPois   .            (helmet restricted)
rElec   .            (no cloak)
rCorr   .            (no gloves)
SInv    .            (no boots)
Will    .....        j - amulet of regeneration
Stlth   ++           (no ring)
HPRegen 1.04/turn    (no ring)
MPRegen 0.10/turn

%: no passive effects
@: no status effects
A: AC +5, unfitting armour, cold-blooded
a: no special abilities


You were on level 2 of the Dungeon.
You visited 1 branch of the dungeon, and saw 2 of its levels.

You collected 85 gold pieces.

Inventory:

Hand Weapons
 b - a +0 dagger (weapon)
Missiles
 i - 16 stones
Jewellery
 j - an amulet of regeneration (around neck)
 l - a ring of willpower
Scrolls
 c - a scroll of fog {unknown}
 f - a scroll of silence {unknown}
 g - 3 scrolls of identify {unknown}
 h - a scroll of vulnerability {unknown}
 k - 2 scrolls of acquirement {unknown}
Potions
 a - a potion of magic
 d - a potion of enlightenment {unknown}
 e - a potion of haste {unknown}


   Skills:
 - Level 1.7 Dodging
 - Level 1.7 Stealth
 + Level 2.9 Spellcasting
 - Level 1.0 Conjurations
 + Level 3.8 Fire Magic


You had 4 spell levels left.
You knew the following spells:

 Your Spells              Type           Power      Damage    Failure   Level
a - Foxfire               Conj/Fire      40%        2x1d6     6%          1
b - Scorch                Fire           30%        2d6       5%          2

Your spell library contained the following spells:

 Spells                   Type           Power      Damage    Failure   Level
 Sting                    Conj/Alch      16%        1d4       14%         1
 Apportation              Tloc           4%         N/A       19%         1
 Necrotise                Necr           8%         1d4       19%         1
 Summon Small Mammal      Summ           8%         N/A       19%         1
 Inner Flame              Hex/Fire       9%         N/A       24%         3
 Volatile Blastmotes      Fire/Tloc      18%        2d11      24%         3
 Cigotuvi's Dreadful Rot  Necr/Alch/Air  4%         N/A       26%         2
 Flame Wave               Conj/Fire      10%        2d6       54%         4
 Ignite Poison            Fire/Alch      9%         N/A       63%         4
 Freezing Cloud           Conj/Ice/Air   1%         6-21      99%         5


Dungeon Overview and Level Annotations

Branches:
Dungeon (2/15)

Altars:

Shops:
D:1 (

Annotations:
D:2 Robin


Innate Abilities, Weirdness & Mutations

Your plain brown scales are hard. (AC +5)
You cannot fit into any form of body armour.
You are cold-blooded and may be slowed by cold attacks.


Message History

There is a stone staircase leading down here.
You start resting.
Magic restored.
You climb downwards.
Level annotation: Robin
There is a stone staircase leading up here.
You pick up a Trismegistus Codex and begin reading...
You add the spells Cigotuvi's Dreadful Rot, Ignite Poison and Freezing Cloud to your library.
A goblin comes into view. It is wielding a +0 dagger.
The goblin shouts!
You see here a ring of willpower.
l - a ring of willpower
There is a stone staircase leading up here.
Casting: Scorch (safe; 5% risk of failure)
Confirm with . or Enter, or press ? or * to list all spells.
Flames lash the goblin.
You kill the goblin!
Things that are here:
a +0 dagger; a goblin corpse
g - 2 scrolls labelled ATAISCHIETE (gained 1)
i - 16 stones (gained 5)
g - 3 scrolls labelled ATAISCHIETE (gained 1)
A kobold comes into view. It is wielding a +0 whip.
The kobold throws a stone.
The stone hits you but does no damage.
The kobold throws a stone.
The stone barely misses you.
Casting: Scorch (safe; 5% risk of failure)
Confirm with . or Enter, or press ? or * to list all spells.
You can't see any susceptible monsters within range! (Use Z to cast anyway.)
Casting: Scorch (safe; 5% risk of failure)
Confirm with . or Enter, or press ? or * to list all spells.
You conjure some foxfire!
The kobold throws a stone.
The stone hits you but does no damage.
The foxfire hits the kobold.
The kobold is burned terribly!
You kill the kobold!
Your foxfire dissipates!
There is a stone staircase leading up here.
Save game and exit?
Level annotation: Robin Welcome back, GokuderaElPsyCongroo the Draconian Fire Elementalist.
Press ? for a list of commands and other information.
Are you sure you want to abandon this character and quit the game? (Confirm with "yes".)

######### ###.......#
##.........#
##..........###
#.........# ..#
#.........# #.# #### #
#.........###.##.... ..
#..........##.#..###...
##.........@............
#.......................
##..........##...#....#
#.........)##.....###
#...=.......#..........
..
#...........#.....#####
. #................... .
##..................# g
##.........####..### #


There were no monsters in sight!

Vanquished Creatures
  An adder (D:2)
  A dart slug (D:1)
  5 ball pythons
  2 endoplasms
  2 giant cockroaches (D:2)
  4 goblins
  4 hobgoblins
  2 jackals (D:1)
  4 quokkas
  A bat (D:1)
  2 kobolds
  4 rats
32 creatures vanquished.

Vanquished Creatures (others)
  67 foxfires
67 creatures vanquished.

Grand Total: 99 creatures vanquished

Notes
Turn   | Place    | Note
-------+----------+-------------------------------------------
     0 | D:1      | GokuderaElPsyCongroo the Draconian Fire Elementalist began
                  | the quest for the Orb.
     0 | D:1      | Reached XP level 1. HP: 14/14 MP: 3/3
     0 | D:1      | Upgraded the game from 0.32-a0-85-g672eff3212 to
                  | 0.32-a0-132-g2d33c3cfaf
    67 | D:1      | Upgraded the game from 0.32-a0-132-g2d33c3cfaf to
                  | 0.32-a0-859-gb0a091d592
   416 | D:1      | Found Orghux's Weapon Boutique.
   470 | D:1      | Reached XP level 2. HP: 20/20 MP: 1/5
   577 | D:1      | Learned a level 2 spell: Scorch
  1484 | D:2      | Identified the +5 scale mail of Ekhoex {Rampage *Corrode
                  | Dex+3}
  1804 | D:2      | Reached XP level 3. HP: 26/26 MP: 0/7
  1860 | D:2      | Noticed Robin
  2225 | D:2      | Upgraded the game from 0.32-a0-859-gb0a091d592 to
                  | 0.32-a0-913-g739538afd8
  2225 | D:2      | Quit the game

Illustrated notes

Levels and vault maps discovered:
D:1:      minmay_arrival_cross, layout_basic, serial_shops,
          nicolae_shop_tiny_glass
D:2:      layout_rooms, minmay_quantized, uniq_robin

Action                     || total
---------------------------++-------
  Melee: Unarmed           ||    10
         Dagger            ||    14
         Tailslap          ||     2
   Cast: Foxfire           ||    40
         Scorch            ||    10
 Armour: Skin              ||    26
  Dodge: Dodged            ||    17

Table legend: (Time is in decaauts)
 A = Elapsed time spent in this place.
 B = Non-inter-level travel time spent in this place.
 C = Inter-level travel time spent in this place.
 D = Time resting spent in this place.
 E = Time spent auto-exploring this place.
 F = Levels seen in this place.
 G = Mean time per level.
                   A        B        C        D        E       F      G
               +--------+--------+--------+--------+--------+-----+--------+
         Total |   2229 |   1984 |    245 |    502 |    398 |   2 | 1114.5 |
       Dungeon |   2229 |   1984 |    245 |    502 |    398 |   2 | 1114.5 |
               +--------+--------+--------+--------+--------+-----+--------+

Top non-repeatable levels by time:
     D:1: 1880 daAuts
     D:2: 349 daAuts
